AoeStats
← schmeno

Black Forest

507820411Analyzed
3v3 RM · 14d ago on Sep 19, 2026· 46m 32s· 6 players
Game mode
Random Map
Map size
Normal (6 player)
Population
200
Speed
Normal
Resources
Standard
Victory
Conquest
Starting age
Dark Age
Ending age
Imperial Age
RankedLock teamsTeams togetherTeam positionsShared explorationLock speedFull tech treeHidden civsTurbo modeCheats
Victory
Defeat
🇬🇧 Byzantines · United Kingdom
1216
+15
🇪🇸 Magyars · Spain
1168
+17
🇲🇽 Celts · Mexico
1151
+18
🇺🇸 Mongols · United States
1237
-19
🇺🇸 Huns · United States
1189
-17
🇺🇸 Saracens · United States
1140
-14
Tired Cock
0:32 Loom
13:12 Feudal Age
18:26 Castle Age
17:32 Double-Bit Axe
24:23 Horse Collar
26:41 Heavy Plow
29:08 Marauders
30:13 Bow Saw
30:28 Bloodlines
30:18 Husbandry
30:24 Husbandry
30:34 Scale Barding Armor
34:50 Wheelbarrow
34:40 Chain Barding Armor
37:31 Imperial Age
35:28 Murder Holes
36:29 Hand Cart
36:03 Town Watch
36:13 Fletching
36:34 Forging
37:33 Elite Tarkan
38:37 Masonry
39:18 Plate Barding Armor
39:19 Iron Casting
40:21 Conscription
39:49 Light Cavalry
41:42 Caravan
41:32 Hussar
43:21 Blast Furnace
Deputy Dong
11:02 Feudal Age
12:47 Double-Bit Axe
15:11 Castle Age
13:12 Horse Collar
15:50 Loom
17:19 Fletching
17:40 Forging
25:17 Padded Archer Armor
29:19 Bow Saw
34:26 Wheelbarrow
34:10 Bodkin Arrow
35:02 Leather Archer Armor
35:33 Ballistics
36:30 Bloodlines
36:20 Husbandry
46:15 Imperial Age
schmeno
11:05 Feudal Age
12:38 Loom
15:19 Castle Age
13:27 Double-Bit Axe
14:04 Horse Collar
15:08 Scale Barding Armor
16:35 Forging
16:41 Bow Saw
20:47 Husbandry
23:15 Gold Mining
25:46 Bloodlines
27:46 Wheelbarrow
26:58 Town Watch
27:24 Stone Mining
33:47 Imperial Age
31:53 Chain Barding Armor
32:51 Hand Cart
34:17 Iron Casting
35:36 Chemistry
35:28 Plate Barding Armor
38:05 Blast Furnace
36:59 Elite Mameluke
37:46 Light Cavalry
40:29 Hussar
Jambo
1:22 Loom
10:56 Feudal Age
11:23 Double-Bit Axe
11:24 Horse Collar
12:00 Double-Bit Axe
12:59 Horse Collar
14:39 Bloodlines
15:25 Scale Barding Armor
24:23 Castle Age
24:42 Horse Collar
25:17 Bow Saw
25:37 Chain Barding Armor
25:10 Light Cavalry
26:33 Husbandry
28:25 Heavy Plow
32:40 Gold Mining
32:41 Stone Mining
37:44 Fletching
37:54 Padded Archer Armor
39:16 Wheelbarrow
41:20 Hand Cart
44:10 Imperial Age
43:30 Town Watch
45:27 Plate Barding Armor
44:48 Bodkin Arrow
44:14 Hussar
45:49 Leather Archer Armor
46:54 Conscription
46:35 Recurve Bow
skabbet
0:33 Loom
12:56 Feudal Age
13:27 Double-Bit Axe
20:27 Castle Age
18:51 Horse Collar
23:38 Fishing Lines
27:04 Heavy Plow
28:36 Wheelbarrow
29:09 Bow Saw
29:26 Scale Barding Armor
29:32 Forging
30:36 Hand Cart
30:59 Fortified Wall
33:40 Imperial Age
32:13 Chain Barding Armor
33:03 Sanctity
32:55 Fervor
33:26 Gold Mining
33:27 Stone Mining
33:32 Gillnets
33:54 Husbandry
34:44 Iron Casting
34:02 Fletching
34:13 Padded Archer Armor
34:44 Pikeman
35:25 Squires
34:48 Heavy Camel Rider
36:15 Caravan
36:58 Gold Shaft Mining
36:59 Stone Shaft Mining
37:33 Chemistry
36:56 Ballistics
36:00 Halberdier
37:21 Plate Barding Armor
36:48 Scale Mail Armor
37:04 Leather Archer Armor
36:44 Bodkin Arrow
38:46 Two-Man Saw
40:10 Ring Archer Armor
39:55 Chain Mail Armor
42:00 Coinage
42:22 Hoardings
41:08 Elite Cataphract
42:11 Conscription
42:02 Logistica
43:39 Banking
45:30 Block Printing
david.indie108
11:12 Feudal Age
11:30 Loom
12:15 Double-Bit Axe
12:11 Horse Collar
12:23 Gold Mining
16:05 Loom
17:30 Wheelbarrow
19:05 Stone Mining
22:49 Castle Age
21:26 Forging
23:54 Loom
24:51 Bow Saw
25:43 Heavy Plow
26:18 Hand Cart
27:20 Iron Casting
27:56 Scale Mail Armor
28:06 Pikeman
28:32 Arson
30:05 Chain Mail Armor
30:21 Gambesons
30:47 Treadmill Crane
31:18 Masonry
32:51 Gold Shaft Mining
32:52 Stone Shaft Mining
35:39 Imperial Age
35:56 Capped Ram
37:38 Blast Furnace
37:08 Plate Mail Armor
36:47 Siege Engineers
36:54 Furor Celtica
37:04 Conscription
36:29 Halberdier
36:50 Siege Ram
37:17 Man-at-Arms
38:20 Conscription
37:53 Stronghold
38:32 Ballistics
38:14 Long Swordsman
38:54 Two-Handed Swordsman
39:44 Champion
40:18 Town Watch
Connection lost

Rejoining the realm…

Still unreachable

The connection could not be restored.

Session expired

The server has moved on; the page needs a fresh start.